 Dungeon Crawl Stone Soup version 0.31-a0-182-gc5ef74bbde (webtiles) character file.

Game seed: 5256145125453863041

11 frimble the Grasshopper (level 2, -2/19 HPs)
             Began as an Octopode Warper on June 20, 2023.
             Slain by a hobgoblin (3 damage)
             ... on level 1 of the Dungeon.
             The game lasted 00:00:18 (155 turns).

frimble the Grasshopper (Octopode Warper)            Turns: 155, Time: 00:00:18

Health: -2/19      AC:  1    Str: 10    XL:     2   Next: 29%
Magic:  5/5        EV: 13    Int: 15    God:
Gold:   33         SH:  0    Dex: 11    Spells: 5/5 levels left

rFire   . .          .
                       - Unarmed
rCold   . . .        (no shield)
rNeg    . . .        (helmet restricted)
rPois   .            (no amulet)
rElec   .            (no ring)
rCorr   .            (no ring)
SInv    .            (no ring)
Will    .....        (no ring)
Stlth   ++           (no ring)
HPRegen 0.23/turn    (no ring)
MPRegen 0.09/turn    (no ring)
                     (no ring)

%: no passive effects
@: no status effects
A: almost no armour, amphibious, 8 rings, camouflage 1, gelatinous body 1,
(nimble swimmer 1), tentacles
a: no special abilities


You were on level 1 of the Dungeon.
You visited 1 branch of the dungeon, and saw 1 of its levels.

You collected 33 gold pieces.

Inventory:

Missiles
 b - 6 boomerangs of dispersal (quivered)
Scrolls
 a - a scroll of blinking
 c - a scroll of identify {unknown}
 d - a scroll of poison {unknown}
Potions
 e - a potion of enlightenment {unknown}


   Skills:
 + Level 2.1 Fighting
 + Level 1.3 Throwing
 + Level 2.4 Dodging
 + Level 2.1 Unarmed Combat
 + Level 2.1 Spellcasting
 + Level 3.1 Translocations


You had 5 spell levels left.
You didn't know any spells.
Your spell library contained the following spells:

 Spells                   Type           Power      Damage    Failure   Level
 Blink                    Tloc           22%        N/A       9%          2
 Lesser Beckoning         Tloc           22%        N/A       9%          2
 Teleport Other           Tloc           11%        N/A       19%         3
 Vhi's Electric Charge    Tloc/Air       12%        N/A       34%         3
 Manifold Assault         Tloc           11%        N/A       52%         4


Dungeon Overview and Level Annotations

Branches:
Dungeon (1/15)

Altars:

Shops:
D:1 =


Innate Abilities, Weirdness & Mutations

You cannot wear most types of armour.
You are amphibious.
You can wear up to eight rings at the same time.
Your skin changes colour to match your surroundings (Stealth+).
Your rubbery body absorbs attacks. (AC +1, EV +1)
((You are camouflaged when in or above water. (Stealth+)))
You have tentacles for arms and can constrict up to eight enemies at once.


Message History

You closely miss the quokka. Your grab misses the quokka. The quokka bites you.
You are too injured to fight recklessly!
You are too injured to fight recklessly!
You are too injured to fight recklessly!
You are too injured to fight recklessly!
You are too injured to fight recklessly!
You are too injured to fight recklessly!
You are too injured to fight recklessly!
You are too injured to fight recklessly!
You tentacle-slap the quokka but do no damage.
Your grab misses the quokka. The quokka closely misses you.
The quokka misses you.
You closely miss the quokka. Your grab misses the quokka.
A hobgoblin comes into view.
The quokka closely misses you.
The hobgoblin shouts!
You tentacle-slap the quokka. You grab the quokka.
The quokka is lightly wounded.
You constrict the quokka, but do no damage.
The quokka bites you. The hobgoblin hits you.
* * * LOW HITPOINT WARNING * * *
You tentacle-slap the quokka but do no damage.
You squeeze the quokka, but do no damage.
The quokka is lightly wounded.
You constrict the quokka.
The quokka bites you but does no damage.
The hobgoblin barely misses you.
You tentacle-slap the quokka.
You kill the quokka!
The hobgoblin hits you.
* * * LOW HITPOINT WARNING * * *
You don't know any spells.
Sorry, you're not good enough to have a special ability.
Throw: 7 boomerangs (disperse)
Press: ? - help, Q - select action Shift-Dir - straight line, f - hobgoblin
Aim: a hobgoblin (56% to hit)
You throw a boomerang of dispersal.
The boomerang of dispersal closely misses the hobgoblin.
The hobgoblin hits you.
You die...

# ##.# ........
#######.## ........
.#.#.###.# #.....#
#.#.#.#.## #.....# #
######<#######....#
.# #
#.#.#.#.#.....##..#
#.###.#.#..........#
## ######..†......#
#.†.@.#...
#....g......
#.....#....#
..##.### .... #..
#.# ... ...# ... ..
..#. .... . .. ....


You could see a hobgoblin.

Vanquished Creatures
  2 giant cockroaches (D:1)
  2 hobgoblins (D:1)
  2 quokkas (D:1)
  2 ball pythons (D:1)
  A frilled lizard (D:1)
  A rat (D:1)
10 creatures vanquished.

Notes
Turn   | Place    | Note
-------+----------+-------------------------------------------
     0 | D:1      | frimble the Octopode Warper began the quest for the Orb.
     0 | D:1      | Reached XP level 1. HP: 14/14 MP: 3/3
    87 | D:1      | Found Qotsog's Jewellery Boutique.
   140 | D:1      | Reached XP level 2. HP: 19/19 MP: 5/5
   155 | D:1      | Slain by a hobgoblin

Illustrated notes

Levels and vault maps discovered:
D:1:      reono_arrival_mine, layout_rooms, chequers_ecumenical_altar_simple,
          serial_shops, nicolae_shop_hallway_plus

Action                     || total
---------------------------++-------
  Melee: Unarmed           ||    24
         Tentacles         ||     7
         Constrict         ||     6
  Throw: Boomerang         ||     1
 Armour: Skin              ||     2
  Dodge: Dodged            ||    18

Table legend: (Time is in decaauts)
 A = Elapsed time spent in this place.
 B = Non-inter-level travel time spent in this place.
 C = Inter-level travel time spent in this place.
 D = Time resting spent in this place.
 E = Time spent auto-exploring this place.
 F = Levels seen in this place.
 G = Mean time per level.
                   A        B        C        D        E       F      G
               +--------+--------+--------+--------+--------+-----+--------+
         Total |    154 |    154 |      0 |      0 |    104 |   1 |  154.0 |
       Dungeon |    154 |    154 |      0 |      0 |    104 |   1 |  154.0 |
               +--------+--------+--------+--------+--------+-----+--------+

Top non-repeatable levels by time:
     D:1: 154 daAuts
